 Dungeon Crawl Stone Soup version 0.21.0-24-g2553a33 (webtiles) character file.

480 tidbits the Firebug (level 7, 45/45 HPs)
             Began as a Gnoll Fire Elementalist on Jan 19, 2018.
             Quit the game on level 4 of the Dungeon.
             The game lasted 00:06:50 (789 turns).

tidbits the Firebug (Gnoll Fire Elementalist)        Turns: 789, Time: 00:06:50

Health: 45/45      AC:  4    Str: 11    XL:     7   Next: 11%
Magic:  15/15      EV: 14    Int: 21    God:
Gold:   95         SH:  0    Dex: 15    Spells: 7/17 levels left

rFire    . . .     SeeInvis .   i - +0 flail
rCold    . . .     Gourm    .   (no shield)
rNeg     . . .     Faith    .   B - +0 troll leather armour
rPois    .         Spirit   .   (no helmet)
rElec    .         Reflect  .   (no cloak)
rCorr    .         Harm     +   (no gloves)
MR       .....                  (no boots)
Stlth    +++.......             h - amulet of harm
HPRegen  0.55/turn              (no ring)
MPRegen  0.14/turn              (no ring)

@: no status effects
A: distributed training, fangs 1, clever 1, frail 1, strong nose
a: no special abilities


You were on level 4 of the Dungeon.
You were not hungry.

You visited 1 branch of the dungeon, and saw 5 of its levels.

You collected 95 gold pieces.

Inventory:

Hand Weapons
 d - a +1 dagger
 e - a +0 short sword
 g - a +0 spear
 i - a +0 flail (weapon)
 n - a +0 falchion
Missiles
 f - 27 stones (quivered)
Armour
 a - a +1 robe
 B - a +0 troll leather armour (worn)
Jewellery
 h - an amulet of harm (around neck)
   (You found it on level 4 of the Dungeon)
Wands
 p - a wand of random effects (20)
Scrolls
 k - a scroll of enchant weapon
 m - a scroll of magic mapping {unknown}
Potions
 j - a potion of degeneration
 l - a potion of curing
 o - a potion of haste
Books
 b - a book of Flames

   Spells                             Type                      Level
   a - Flame Tongue                   Conjuration/Fire             1
   b - Throw Flame                    Conjuration/Fire             2
   c - Conjure Flame                  Conjuration/Fire             3
   d - Inner Flame                    Hexes/Fire                   3
   e - Sticky Flame                   Conjuration/Fire             4
   f - Fireball                       Conjuration/Fire             5
Comestibles
 c - 2 rations


   Skills:
 + Level 2.2 Fighting
 + Level 2.2 Short Blades
 + Level 2.2 Long Blades
 + Level 2.2 Axes
 + Level 2.2 Maces & Flails
 + Level 2.2 Polearms
 + Level 2.2 Staves
 + Level 2.2 Slings
 + Level 2.2 Bows
 + Level 2.2 Crossbows
 + Level 2.2 Throwing
 + Level 2.2 Armour
 + Level 5.1 Dodging
 + Level 4.7 Stealth
 + Level 2.2 Shields
 + Level 2.2 Unarmed Combat
 + Level 5.5 Spellcasting
 + Level 2.8 Conjurations
 + Level 1.8 Hexes
 + Level 1.8 Charms
 + Level 1.8 Summonings
 + Level 1.8 Necromancy
 + Level 1.8 Translocations
 + Level 1.8 Transmutations
 + Level 5.7 Fire Magic
 + Level 1.8 Ice Magic
 + Level 1.8 Air Magic
 + Level 1.8 Earth Magic
 + Level 1.8 Poison Magic
 + Level 2.5 Invocations
 + Level 2.2 Evocations


You had 7 spell levels left.
You knew the following spells:

 Your Spells              Type           Power        Failure   Level  Hunger
a - Flame Tongue          Conj/Fire      ###..        2%          1    None
c - Conjure Flame         Conj/Fire      ###.....     7%          3    ##.....
f - Throw Flame           Conj/Fire      ###...       3%          2    None
t - Sticky Flame          Conj/Fire      ###.....     22%         4    ####...


Dungeon Overview and Level Annotations

Branches:
Dungeon (5/15)
 Temple: D:4-7

Altars:
Kikubaaqudgha
Qazlal

Annotations:
D:3 Daviar's ghost, amateur OpAK
D:5 wazuzu's ghost, novice GnIE


Innate Abilities, Weirdness & Mutations

Your experience applies equally to all skills.
You have very sharp teeth.
Your uncanny sense of smell can sniff out nearby items.
Your mind is acute. (Int +2)
You are frail. (-10% HP)


Message History

The hound skeleton bites you.
You hit the hound skeleton.
The hound skeleton is heavily damaged.
The hound skeleton misses you.
You hit the hound skeleton. Your bite misses the hound skeleton.
The hound skeleton is heavily damaged.
The hound skeleton completely misses you.
The hound skeleton bites you but does no damage.
You hit the hound skeleton but do no damage.
The hound skeleton is heavily damaged.
The hound skeleton closely misses you.
Wield which item (- for none, * to show all)? (? for menu, Esc to quit)
i - a +0 flail (weapon)
You sock the hound skeleton!
The hound skeleton is almost destroyed.
The hound skeleton closely misses you. The hound skeleton misses you.
You sock the hound skeleton!
You destroy the hound skeleton!
You have reached level 7!
The howler monkey hits you but does no damage.
You closely miss the howler monkey. The howler monkey hits you.
The howler monkey hoots and howls with incredible vigour!
You sock the howler monkey!
The howler monkey is heavily wounded.
The howler monkey misses you.
Casting: Flame Tongue
Confirm with . or Enter, or press ? or * to list all spells.
Aiming: Flame Tongue
Press: ? - help, Shift-Dir - straight line, f - howler monkey
Aim: a howler monkey (heavily wounded, catching its breath)
The flame tongue misses the howler monkey.
The howler monkey hits you.
Casting: Flame Tongue
Confirm with . or Enter, or press ? or * to list all spells.
Aiming: Flame Tongue
Press: ? - help, Shift-Dir - straight line, f/p - howler monkey
Aim: a howler monkey (heavily wounded, catching its breath)
The flame tongue hits the howler monkey.
You kill the howler monkey!
Your troll leather armour prevents you from hitting the orc.
The orc hits you but does no damage.
You closely miss the orc. The orc misses you.
Casting: Flame Tongue
Confirm with . or Enter, or press ? or * to list all spells.
Aiming: Flame Tongue
Press: ? - help, Shift-Dir - straight line, f - orc
Aim: an orc The flame tongue hits the orc.
The orc is moderately wounded.
The orc hits you.
An orc comes into view. It is wielding a falchion.
You hit the orc but do no damage.
The orc is moderately wounded.
The orc misses you. The orc hits you.
You thump the orc!
You kill the orc!
The orc throws a tomahawk.
The tomahawk barely misses you.
You sock the orc!
You kill the orc!
The orc throws a tomahawk.
The tomahawk hits you but does no damage.
You hit the orc.
You kill the orc!
The orc throws a tomahawk.
The tomahawk misses you.
Casting: Flame Tongue
Confirm with . or Enter, or press ? or * to list all spells.
Aiming: Flame Tongue
Press: ? - help, Shift-Dir - straight line, f - orc
Aim: an orc, wielding a falchion You miscast Flame Tongue.
You are very lightly contaminated with residual magic.
Nothing appears to happen.
The orc throws a tomahawk.
The tomahawk hits you but does no damage.
Casting: Flame Tongue
Confirm with . or Enter, or press ? or * to list all spells.
Aiming: Flame Tongue
Press: ? - help, Shift-Dir - straight line, f/p - orc
Aim: an orc, wielding a falchion The flame tongue hits the orc.
The orc is lightly wounded.
Casting: Flame Tongue
Confirm with . or Enter, or press ? or * to list all spells.
Aiming: Flame Tongue
Press: ? - help, Shift-Dir - straight line, f/p - orc
Aim: an orc, wielding a falchion (lightly wounded)
The flame tongue hits the orc.
You kill the orc!
Things that are here:
a hand axe; a mace You see here a falchion.
n - a falchion
There is an escape hatch in the ceiling here.
Your magical contamination has completely faded away.
Found an escape hatch in the floor.
Found a scroll labeled ZUTUCH TOUHOE.
You see here a scroll labeled ZUTUCH TOUHOE.
As you read the scroll labeled ZUTUCH TOUHOE, it crumbles to dust.
You feel blessed for a moment.
It was a scroll of remove curse.
Found a stone staircase leading up.
Are you sure you want to abandon this character and quit the game? (Confirm with "yes".)

#...# #.##.##.######
#...#########.##.##......#
...........#....#........#
...............###.......#
...........#....#.##.....#
#...#.#######.##.###.....#
......# #.##.# #######
#..(#.# #.##.# #...#.#
#..<@# ......# #####.##.#
#...#.# #......#.# ....#.#
#.###########
......###.##.#.......
.#.####.....# .Z.....
.#.####.#.#.##..≈≈≈..
........#.#..+..#≈#..
.#.##.###....#..≈≈≈..


There were no monsters in sight!

Vanquished Creatures
  A troll (D:5)
  3 howler monkeys (D:4)
  A crimson imp (D:4)
  2 worker ants (D:4)
  A hound skeleton (D:4)
  An adder (D:3)
  A howler monkey skeleton (D:4)
  6 orcs
  A ball python (D:2)
  2 giant cockroaches
  A goblin (D:1)
  3 hobgoblins
  4 jackals
  2 kobolds (D:1)
  A quokka (D:4)
  A bat (D:1)
  A frilled lizard (D:1)
  5 rats
37 creatures vanquished.

Notes
Turn   | Place    | Note
-------+----------+-------------------------------------------
     0 | D:1      | tidbits the Gnoll Fire Elementalist began the quest for the Orb.
     0 | D:1      | Reached XP level 1. HP: 13/13 MP: 6/6
   117 | D:1      | Reached skill level 2 in Conjurations
   124 | D:1      | Reached XP level 2. HP: 19/19 MP: 5/7
   289 | D:3      | Reached skill level 5 in Spellcasting
   289 | D:3      | Reached XP level 3. HP: 24/25 MP: 3/9
   343 | D:3      | Found a stormy altar of Qazlal.
   343 | D:3      | Noticed a water elemental
   343 | D:3      | Noticed a fire elemental
   343 | D:3      | Noticed an air elemental
   343 | D:3      | Noticed an earth elemental
   352 | D:3      | Noticed Daviar's ghost (amateur OpAK)
   385 | D:3      | Learned a level 2 spell: Throw Flame
   389 | D:3      | Learned a level 3 spell: Conjure Flame
   407 | D:4      | Reached skill level 1 in Fighting
   407 | D:4      | Reached skill level 1 in Short Blades
   407 | D:4      | Reached skill level 1 in Long Blades
   407 | D:4      | Reached skill level 1 in Axes
   407 | D:4      | Reached skill level 1 in Maces & Flails
   407 | D:4      | Reached skill level 1 in Polearms
   407 | D:4      | Reached skill level 1 in Staves
   407 | D:4      | Reached skill level 1 in Slings
   407 | D:4      | Reached skill level 1 in Bows
   407 | D:4      | Reached skill level 1 in Crossbows
   407 | D:4      | Reached skill level 1 in Throwing
   407 | D:4      | Reached skill level 1 in Armour
   407 | D:4      | Reached skill level 1 in Shields
   407 | D:4      | Reached skill level 1 in Unarmed Combat
   407 | D:4      | Reached skill level 1 in Invocations
   407 | D:4      | Reached skill level 1 in Evocations
   407 | D:4      | Reached XP level 4. HP: 27/32 MP: 3/11
   445 | D:4      | Reached skill level 1 in Hexes
   445 | D:4      | Reached skill level 1 in Charms
   445 | D:4      | Reached skill level 1 in Summonings
   445 | D:4      | Reached skill level 1 in Necromancy
   445 | D:4      | Reached skill level 1 in Translocations
   445 | D:4      | Reached skill level 1 in Transmutations
   445 | D:4      | Reached skill level 1 in Ice Magic
   445 | D:4      | Reached skill level 1 in Air Magic
   445 | D:4      | Reached skill level 1 in Earth Magic
   445 | D:4      | Reached skill level 1 in Poison Magic
   477 | D:4      | Reached XP level 5. HP: 21/37 MP: 5/12
   496 | D:5      | Entered Level 5 of the Dungeon
   539 | D:5      | Found an ancient bone altar of Kikubaaqudgha.
   552 | D:5      | Noticed a troll
   571 | D:5      | Killed a troll
   571 | D:5      | Reached skill level 2 in Fighting
   571 | D:5      | Reached skill level 2 in Short Blades
   571 | D:5      | Reached skill level 2 in Long Blades
   571 | D:5      | Reached skill level 2 in Axes
   571 | D:5      | Reached skill level 2 in Maces & Flails
   571 | D:5      | Reached skill level 2 in Polearms
   571 | D:5      | Reached skill level 2 in Staves
   571 | D:5      | Reached skill level 2 in Slings
   571 | D:5      | Reached skill level 2 in Bows
   571 | D:5      | Reached skill level 2 in Crossbows
   571 | D:5      | Reached skill level 2 in Throwing
   571 | D:5      | Reached skill level 2 in Armour
   571 | D:5      | Reached skill level 5 in Dodging
   571 | D:5      | Reached skill level 2 in Shields
   571 | D:5      | Reached skill level 2 in Unarmed Combat
   571 | D:5      | Reached skill level 2 in Invocations
   571 | D:5      | Reached skill level 2 in Evocations
   571 | D:5      | Reached XP level 6. HP: 18/44 MP: 5/14
   589 | D:5      | Learned a level 4 spell: Sticky Flame
   620 | D:5      | Noticed wazuzu's ghost (novice GnIE)
   674 | D:4      | Gained mutation: You are frail. (-10% HP) [potion of mutation]
   674 | D:4      | Gained mutation: Your mind is acute. (Int +2) [potion of mutation]
   724 | D:4      | Reached XP level 7. HP: 43/45 MP: 15/15
   789 | D:4      | Quit the game

Skill      XL: |  1  2  3  4  5 |
---------------+----------------+-----
Conjurations   | 2 |  2.8
Spellcasting   | 5 |  5.5
Fighting       | 1 2 |  2.2
Short Blades   | 1 2 |  2.2
Long Blades    | 1 2 |  2.2
Axes           | 1 2 |  2.2
Maces & Flails | 1 2 |  2.2
Polearms       | 1 2 |  2.2
Staves         | 1 2 |  2.2
Slings         | 1 2 |  2.2
Bows           | 1 2 |  2.2
Crossbows      | 1 2 |  2.2
Throwing       | 1 2 |  2.2
Armour         | 1 2 |  2.2
Shields        | 1 2 |  2.2
Unarmed Combat | 1 2 |  2.2
Invocations    | 1 2 |  2.5
Evocations     | 1 2 |  2.2
Hexes          | 1 |  1.8
Charms         | 1 |  1.8
Summonings     | 1 |  1.8
Necromancy     | 1 |  1.8
Translocations | 1 |  1.8
Transmutations | 1 |  1.8
Ice Magic      | 1 |  1.8
Air Magic      | 1 |  1.8
Earth Magic    | 1 |  1.8
Poison Magic   | 1 |  1.8
Dodging        | 5 |  5.1
Stealth        | |  4.7
Fire Magic     | |  5.7

Action                   |  1- 3 |  4- 6 |  7- 9 || total
-------------------------+-------+-------+-------++-------
Melee: Dagger            |    14 |    12 |       ||    26
       Bite              |       |     2 |       ||     2
       Flail             |       |     2 |     8 ||    10
 Cast: Flame Tongue      |    25 |    20 |     5 ||    50
       Throw Flame       |       |     1 |       ||     1
Evoke: Wand              |       |     3 |       ||     3
  Use: Potion            |       |     3 |       ||     3
       Scroll            |       |     7 |     1 ||     8
 Stab: Sleeping          |     9 |     2 |       ||    11
Armor: Robe              |     5 |     1 |       ||     6
       Troll leather arm |       |     6 |     4 ||    10
Dodge: Dodged            |    24 |    31 |     5 ||    60

Table legend:
 A = Turns spent in this place as a percentage of turns spent in the entire game.
 B = Non-inter-level travel turns spent in this place as a percentage of non-inter-level travel turns spent in the entire game.
 C = Inter-level travel turns spent in this place as a percentage of turns spent in this place.
 D = Turns resting spent in this place as a percentage of non-inter-level travel turns spent in this place.
 E = Turns spent auto-exploring this place as a percentage of non-inter-level travel turns spent in this place.
 F = Non-inter-level travel turns spent in this place divided by the number of levels of this place that you've seen.
                   A       B       C       D       E      F
               +-------+-------+-------+-------+-------+----------------------
         Total | 100.0 | 100.0 |   0.0 |   0.6 |   0.0 | 157.8
       Dungeon | 100.0 | 100.0 |   0.0 |   0.6 |   0.0 | 157.8
               +-------+-------+-------+-------+-------+----------------------

Table legend:
 A = Kills in this place as a percentage of kills in entire the game.
 B = Kills by you in this place as a percentage of kills by you in the entire game.
 C = Kills by friends in this place as a percentage of kills by friends in the entire game.
 D = Other kills in this place as a percentage of other kills in the entire game.
 E = Experience gained in this place as a percentage of experience gained in the entire game.
 F = Experience gained in this place divided by the number of levels of this place that you have seen.
                   A       B       C       D       E      F
               +-------+-------+-------+-------+-------+----------------------
         Total | 100.0 | 100.0 |   N/A |   N/A | 100.0 | 137.2
       Dungeon | 100.0 | 100.0 |   N/A |   N/A | 100.0 | 137.2
               +-------+-------+-------+-------+-------+----------------------

Vault maps used:
D:1:      saegor_arrival_simple_e
D:2:      minmay_misc_feat_columns, hangedman_decor_slide_cut
D:3:      nicolae_qazlal_style_of_elements
D:4:      first_ration, kennysheep_generic_room_11, uniq_ijyb
D:5:      nicolae_overflow_crystal_walls, minmay_misc_feat_hallway,
          uniq_menkaure
